[Event "Early-Titled-Tuesday-Blitz-May-07-2024"]
[Site "Chess.com"]
[Date "2024.05.07"]
[Round "2"]
[White "Tonychess32"]
[Black "BestStelker"]
[Result "1-0"]
[WhiteElo "2489"]
[BlackElo "2715"]
[TimeControl "180+1"]
[EndTime "8:19:16 PDT"]
[Termination "Tonychess32 won on time"]

1. e4 e6 2. d4 d5 3. e5 c5 4.
c3 Nc6 5. Nf3 Qb6 6. Bd3 cxd4 7.
O-O Bd7 8. a3 Rc8 9. b4 dxc3 10.
Nxc3 Nxb4 11. axb4 Rxc3 12. Bb2 Rc8 13. Bd4 Qc7 14.
Rxa7 Ne7 15. b5 Nf5 16. b6 Qb8 17. Bxf5 exf5 18. e6 fxe6 19. Ne5 h5 20. Re1 Bd6 21. Qd2 Be7 22. Ng6 Qd6 23. Rxb7 Rh6 24. Ne5 Bb5 25.
Rc1 Qb4 26. Rxc8+ 1-0

[Event "Early-Titled-Tuesday-Blitz-May-07-2024"]
[Site "Chess.com"]
[Date "2024.05.07"]
[Round "2"]
[White "IamSchrodingersCat"]
[Black "FairChess_on_YouTube"]
[Result "0-1"]
[WhiteElo "2649"]
[BlackElo "3078"]
[TimeControl "180+1"]
[EndTime "8:19:17 PDT"]
[Termination "FairChess_on_YouTube won by resignation"]

1. e4 c5 2. Nf3 e6 3. d3 Nc6 4.
Nbd2 d5 5. g3 Nf6 6. Bg2 Be7 7.
O-O O-O 8. e5 Nd7 9. Re1 b5 10.
Nf1 b4 11. h4 a5 12. N1h2 Ba6 13. c3 a4 14. a3 bxc3 15. bxc3 Rb8 16. Qxa4 Bxd3 17.
Bf4 Qa5 18. Qd1 Qxc3 19. Rc1 Qxa3 20. Re3 Nb4 21. Ne1 c4 22. Bf1 Nc5 23. Ra1 Qb3 24.
Nxd3 Qxd1 25. Rxd1 Nbxd3 26. Nf3 Rb2 27. Re2 Rfb8 28. Nd4 Rxe2 29. Bxe2 Nxf4 30. gxf4 Bxh4 31. Kf1 g6 32. Ra1 Ne4 33. Ra7 Bxf2 34. Nc6 Rb1+ 0-1

[Event "Early-Titled-Tuesday-Blitz-May-07-2024"]
[Site "Chess.com"]
[Date "2024.05.07"]
[Round "2"]
[White "nochewycandy"]
[Black "chess_blitz00"]
[Result "1-0"]
[WhiteElo "2814"]
[BlackElo "2557"]
[TimeControl "180+1"]
[EndTime "8:19:18 PDT"]
[Termination "nochewycandy won by checkmate"]

1. Nf3 d6 2. d4 Nf6 3. g3 c6 4. Bg2 Nbd7 5. O-O e5 6. c4 Be7 7. Nc3 O-O 8. e4 Re8 9. Re1 Bf8 10. d5 Nc5 11. b4 Na6 12. a3 c5 13. Rb1 b6 14. h3 Bd7 15. Be3 h6 16. Qd2 Nh7 17.
Rec1 Be7 18. Kh2 Rf8 19. Qe2 Ng5 20. Nd2 Qc8 21. h4 Nh7 22. f4 exf4 23. Bxf4 Nf6 24. Rf1 Ng4+ 25. Kg1 Bf6 26. Nb5 Bxb5 27. cxb5 Nc7 28.
Bxd6 Bd4+ 29. Kh1 Ne3 30. Bxf8 Nxf1 31. Rxf1 Qxf8 32. e5 Qe8 33. d6 Nxb5 34. Bxa8 Qxa8+ 35. Qf3 Qe8 36. Nc4 Bxe5 37. d7 Qxd7 38. Nxe5 Qh3+ 39.
Kg1 Nd4 40. Qxf7+ Kh7 41. Qg6+ Kg8 42. Rf8+ Kxf8 43. Qf7# 1-0

[Event "Early-Titled-Tuesday-Blitz-May-07-2024"]
[Site "Chess.com"]
[Date "2024.05.07"]
[Round "2"]
[White "djano"]
[Black "talaicito"]
[Result "1-0"]
[WhiteElo "2584"]
[BlackElo "2373"]
[TimeControl "180+1"]
[EndTime "8:19:19 PDT"]
[Termination "djano won on time"]

1. e4 c5 2. Nc3 Nc6 3. f4 g6 4. Nf3 Bg7 5. a4 d6 6. Bb5 Bd7 7. O-O Nd4 8. d3 a6 9. Bc4 e6 10. f5 Nf6 11. fxe6 fxe6 12. e5 dxe5 13. Nxe5 O-O 14. Bg5 Qc7 15. Nxd7 Qxd7 16. a5 Nd5 17.
Ne4 Rxf1+ 18. Kxf1 h6 19. Bd2 Rf8+ 20. Kg1 Nf4 21. c3 Nc6 22. Be3 Kh7 23. Nxc5 Qe7 24. Ne4 Ne5 25. Ng3 Qh4 26. Ra4 Ng4 27. Nf1 Nxg2 28. Bf4 1-0

[Event "Early-Titled-Tuesday-Blitz-May-07-2024"]
[Site "Chess.com"]
[Date "2024.05.07"]
[Round "2"]
[White "GlavkonVVS"]
[Black "wonderfultime"]
[Result "0-1"]
[WhiteElo "2652"]
[BlackElo "3097"]
[TimeControl "180+1"]
[EndTime "8:19:20 PDT"]
[Termination "wonderfultime won by resignation"]

1. c4 c6 2. Nc3 d5 3. d4 Nf6 4.
Nf3 a6 5. e3 Bf5 6. Qb3 Ra7 7. h3 e6 8. Bd2 h6 9. Ne5 Nbd7 10. f4 Nxe5 11. dxe5 Nd7 12. g3 b5 13. cxd5 cxd5 14. Be2 Be7 15. g4 Bh7 16. O-O O-O 17. Qd1 Nc5 18. Be1 Rd7 19. Bf2 b4 20. Na4 Ne4 21.
Qd4 Qa5 22. b3 Nc3 23. Nxc3 bxc3 24. Rfc1 Rc7 25. Be1 Rfc8 26. Bd3 Bxd3 27. Qxd3 Ba3 28.
Rc2 Qb5 29. Qxb5 axb5 30. Rd1 Bb2 31. Rd4 Rb7 32. Kf1 b4 33. Ke2 Ra8 34. a4 bxa3 35. Bxc3 Bxc3 36. Rxc3 a2 0-1

[Event "Early-Titled-Tuesday-Blitz-May-07-2024"]
[Site "Chess.com"]
[Date "2024.05.07"]
[Round "2"]
[White "littlepinkyboy"]
[Black "atomicmate123"]
[Result "1-0"]
[WhiteElo "2662"]
[BlackElo "2384"]
[TimeControl "180+1"]
[EndTime "8:19:21 PDT"]
[Termination "littlepinkyboy won by checkmate"]

1. e4 c5 2. Nf3 d6 3. d4 cxd4 4.
Nxd4 Nf6 5. Nc3 Nc6 6. Bg5 e6 7. Qd2 a6 8. O-O-O Bd7 9. f3 Nxd4 10. Qxd4 Be7 11. Be3 h5 12. e5 dxe5 13. Qxe5 b5 14. g4 hxg4 15. fxg4 Nxg4 16. Qxg7 Nxe3 17. Qxh8+ Bf8 18.
Rd2 Qg5 19. Ne4 Qg7 20. Nf6+ Ke7 21. Qh4 Nf5 22. Rxd7# 1-0

[Event "Early-Titled-Tuesday-Blitz-May-07-2024"]
[Site "Chess.com"]
[Date "2024.05.07"]
[Round "2"]
[White "Defend1r"]
[Black "Nitzan_Steinberg"]
[Result "0-1"]
[WhiteElo "2617"]
[BlackElo "2925"]
[TimeControl "180+1"]
[EndTime "8:19:22 PDT"]
[Termination "Nitzan_Steinberg won by checkmate"]

1. e4 c5 2. Nf3 e6 3. Bd3 Nc6 4.
O-O g5 5. c3 g4 6. Ne1 h5 7.
Be2 d5 8. exd5 Qxd5 9. d3 Nf6 10. Bf4 Qf5 11. Qc1 Nd5 12. Bg5 Bd6 13. Bh4 Nf4 14. Bd1 Ne5 15. d4 Neg6 16. dxc5 Bxc5 17. Bg3 h4 18. Bxf4 Nxf4 19. Qd2 Bd7 20. Bc2 Qg5 21. Nd3 Bd6 22. Nxf4 Bxf4 23. Qe2 g3 24. fxg3 hxg3 25. h3 Be3+ 26. Kh1 Rxh3+ 27. gxh3 Bc6+ 28. Rf3 g2+ 29. Qxg2 Bxf3 30. Ba4+ Kf8 31. Qxf3 Qg1# 0-1

[Event "Early-Titled-Tuesday-Blitz-May-07-2024"]
[Site "Chess.com"]
[Date "2024.05.07"]
[Round "2"]
[White "MokshAD1603"]
[Black "stollenmonster"]
[Result "0-1"]
[WhiteElo "2616"]
[BlackElo "2921"]
[TimeControl "180+1"]
[EndTime "8:19:23 PDT"]
[Termination "stollenmonster won by resignation"]

1. e4 c5 2. Nf3 Nf6 3. e5 Nd5 4. Nc3 e6 5. g3 Nc6 6. Bg2 d6 7.
exd6 Bxd6 8. O-O O-O 9. Nxd5 exd5 10. d4 c4 11. b3 c3 12. Qd3 Nb4 13. Qxc3 Bf5 14.
Bf4 Rc8 15. Qd2 Rxc2 16. Qd1 Bxf4 17. gxf4 Rc6 18. Ne5 Rh6 19. Qf3 f6 20. Ng4 Rg6 21. Ne3 Be4 22. Qh3 Nc2 23. f5 Rg5 24. f4 Rxg2+ 25.
Nxg2 Nxa1 26. Rxa1 Qb6 27. Rd1 Rc8 28. Ne3 Rc3 29. Qh5 Qb5 30. Re1 Rc8 31. Qe2 Qb4 32. Rd1 a5 33. Qd2 Qb6 34. Rc1 Re8 35. Qc3 Qa6 36.
Kf2 Qd6 37. Kg3 g5 38. fxg6 Bxg6 39. Rf1 Kh8 40. Qc5 Rxe3+ 0-1

[Event "Early-Titled-Tuesday-Blitz-May-07-2024"]
[Site "Chess.com"]
[Date "2024.05.07"]
[Round "2"]
[White "ClauSanLuis"]
[Black "rhungaski"]
[Result "1-0"]
[WhiteElo "2375"]
[BlackElo "2527"]
[TimeControl "180+1"]
[EndTime "8:19:23 PDT"]
[Termination "ClauSanLuis won by resignation"]

1. d4 Nf6 2. Bg5 g6 3. Bxf6 exf6 4. e3 Bg7 5. c4 f5 6. Nc3 O-O 7. Nh3 d6 8. Be2 c5 9. dxc5 dxc5 10. Qxd8 Rxd8 11.
Nd5 Rd7 12. O-O-O Nc6 13. Nhf4 Kf8 14. h4 h5 15. Rd2 b6 16. Rhd1 Bb7 17. a3 Ne5 18.
Kc2 Rad8 19. b4 cxb4 20. axb4 Rc8 21. Kb3 Bc6 22. b5 Bb7 23. Ra2 Ba8 24. Rda1 Ng4 25.
Rxa7 Rxa7 26. Rxa7 Nxf2 27. Nxb6 Rd8 28. Rxa8 Rxa8 29.
Nxa8 Ne4 30. Nd5 1-0

[Event "Early-Titled-Tuesday-Blitz-May-07-2024"]
[Site "Chess.com"]
[Date "2024.05.07"]
[Round "2"]
[White "Navyblue1"]
[Black "ATM622"]
[Result "0-1"]
[WhiteElo "2250"]
[BlackElo "2491"]
[TimeControl "180+1"]
[EndTime "8:19:23 PDT"]
[Termination "ATM622 won by resignation"]

1. d4 Nf6 2. c4 e6 3. Nf3 d5 4.
Nc3 Be7 5. Bg5 O-O 6. e3 c6 7.
Qc2 dxc4 8. Bxc4 Nbd7 9. O-O Nd5 10. Bxe7 Qxe7 11. Nxd5 exd5 12. Bd3 Nf6 13. Ne5 h6 14. Rab1 a5 15. a3 a4 16. Rfc1 Be6 17. Qc5 Qc7 18. b4 axb3 19. Rxb3 Ra5 20. Qb4 Rfa8 21. Qxb7 Qxb7 22.
Rxb7 Rxa3 23. Bf1 Rc8 24. Rxc6 Rxc6 25. Nxc6 Ne4 26. f3 Nd2 27. Be2 g5 28. Kf2 g4 29.
Ne5 h5 30. fxg4 Ne4+ 31. Ke1 Ra1+ 32. Bd1 Nc3 33. Rb8+ Kg7 34. Nd3 Rxd1+ 0-1

[Event "Early-Titled-Tuesday-Blitz-May-07-2024"]
[Site "Chess.com"]
[Date "2024.05.07"]
[Round "2"]
[White "DishonorOnYourCow"]
[Black "Burgsvik"]
[Result "0-1"]
[WhiteElo "2517"]
[BlackElo "2343"]
[TimeControl "180+1"]
[EndTime "8:19:24 PDT"]
[Termination "Burgsvik won on time"]

1. d4 c5 2. d5 d6 3. c4 g6 4. Nc3 Bg7 5. e4 Nf6 6. f4 O-O 7. Nf3 Na6 8. Bd3 Nc7 9. O-O a6 10. a4 Bd7 11. e5 Nfe8 12. Qe2 b5 13. axb5 axb5 14. Rxa8 Qxa8 15. exd6 exd6 16. cxb5 Nxd5 17. Nxd5 Qxd5 18. Bc4 Qb7 19. Ng5 d5 20. Bd3 c4 21.
Bc2 Bxb5 22. Qf3 Bc6 23. f5 h6 24. Nh3 d4 25. Qg3 d3 26. Bd1 g5 27. Nxg5 hxg5 28. Bxg5 f6 29. Bh6 Bxg2 30. Bxg7 Qxg7 31. Qxg2 Nd6 32.
Bg4 Re8 33. Kh1 d2 34. Qxd2 Ne4 35. Qd5+ Kh7 36. Bh5 Re5 37. Bg6+ Kh6 38. Qd4 Qb7 39. Rf3 Ng5 40. Qh4+ Kg7 41. Qh5 Qxf3+ 42. Qxf3 Nxf3 0-1

[Event "Early-Titled-Tuesday-Blitz-May-07-2024"]
[Site "Chess.com"]
[Date "2024.05.07"]
[Round "2"]
[White "Nadtkins"]
[Black "chesslh93"]
[Result "0-1"]
[WhiteElo "2529"]
[BlackElo "2367"]
[TimeControl "180+1"]
[EndTime "8:19:25 PDT"]
[Termination "chesslh93 won by resignation"]

1. Nf3 d5 2. g3 Bg4 3. Bg2 Nd7 4. d4 c6 5. h3 Bxf3 6. Bxf3 Ngf6 7. O-O e6 8. Nd2 Be7 9. c3 O-O 10. e4 dxe4 11.
Nxe4 Nxe4 12. Bxe4 Nf6 13. Bc2 Qb6 14. b3 Rfd8 15. Qf3 Qa5 16. b4 Qd5 17. Qe3 a5 18. Bb3 Qe4 19. bxa5 Rxa5 20. Bd2 Qxe3 21. fxe3 Ne4 22.
Be1 Raa8 23. Kg2 Nf6 24. c4 b5 25. Kf3 bxc4 26. Bxc4 c5 27. Bc3 Nd5 28. Bxd5 Rxd5 29. Rfd1 cxd4 30. Bxd4 g6 31. Rd3 e5 32. Ke4 Rad8 33.
a4 f5+ 0-1

[Event "Early-Titled-Tuesday-Blitz-May-07-2024"]
[Site "Chess.com"]
[Date "2024.05.07"]
[Round "2"]
[White "StankovicIvan"]
[Black "Larina_Maria"]
[Result "0-1"]
[WhiteElo "2522"]
[BlackElo "2357"]
[TimeControl "180+1"]
[EndTime "8:19:26 PDT"]
[Termination "Larina_Maria won by resignation"]

1. e4 c6 2. d4 d5 3. e5 Bf5 4.
h4 h5 5. Bg5 Qb6 6. Bd3 Bxd3 7.
Qxd3 e6 8. Nd2 Nh6 9. Ngf3 Nf5 10. O-O Nd7 11. c4 Qa6 12. Qc2 Bb4 13. c5 Bxd2 14. Qxd2 b6 15. b4 bxc5 16. bxc5 O-O 17. Rab1 Rfb8 18.
Bf6 Nxf6 19. exf6 gxf6 20. Qf4 Rb5 21. g4 hxg4 22. Qxg4+ Kf8 23. Qf4 Rc8 24. h5 Ke7 25.
h6 Rg8+ 26. Kh1 Rh8 27. Qc7+ Ke8 28. Qb8+ Rxb8 29. Rxb8+ Ke7 30. Rxh8 Qxf1+ 31. Ng1 Nh4 32. Rg8 Qxf2 33. h7 Ng6 34. Rxg6 Qh4+ 35. Kg2 fxg6 0-1

[Event "Early-Titled-Tuesday-Blitz-May-07-2024"]
[Site "Chess.com"]
[Date "2024.05.07"]
[Round "2"]
[White "balack95"]
[Black "Sofia_Blokhin"]
[Result "1-0"]
[WhiteElo "2506"]
[BlackElo "2274"]
[TimeControl "180+1"]
[EndTime "8:19:26 PDT"]
[Termination "balack95 won on time"]

1. d4 f5 2. Nc3 Nf6 3. Bg5 e6 4. e4 fxe4 5. Nxe4 Be7 6. Bxf6 Bxf6 7. Nf3 O-O 8. Bd3 g6 9. Qe2 Bg7 10. O-O-O d5 11. Nc5 Qd6 12. Kb1 b6 13. Nb3 c5 14.
dxc5 bxc5 15. c4 Nc6 16. h4 Nb4 17. h5 Ba6 18. hxg6 h6 19. Nfd2 e5 20. a3 Nxd3 21. Qxd3 d4 22. Ne4 Qxg6 23. Nbxc5 Bc8 24. g3 Bf5 25. f3 Rac8 26. g4 Be6 27. Nxe6 Qxe6 28. c5 Rf4 29. g5 Rc6 30. gxh6 Bxh6 31. Rdg1+ Kf8 32. Rh5 Qf7 33. Rh3 Qf5 34. Qb3 Bg7 35. Rhg3 Rc7 36. Qb8+ Rc8 37. Qd6+ 1-0

[Event "Early-Titled-Tuesday-Blitz-May-07-2024"]
[Site "Chess.com"]
[Date "2024.05.07"]
[Round "2"]
[White "m_ezat"]
[Black "Tsyhanchuk_Stanislav"]
[Result "1-0"]
[WhiteElo "2558"]
[BlackElo "2357"]
[TimeControl "180+1"]
[EndTime "8:19:27 PDT"]
[Termination "m_ezat won on time"]

1. d4 Nf6 2. c4 e5 3. dxe5 Ng4 4. Bf4 Nc6 5. Nf3 Bb4+ 6. Nbd2 Qe7 7. e3 Ngxe5 8. Nxe5 Nxe5 9. Be2 d6 10. O-O O-O 11.
Nb3 Ng6 12. Bg3 Be6 13. a3 Bc5 14. Nd4 Rad8 15. Rc1 Rfe8 16. Nb5 a6 17. Nc3 Ne5 18. Nd5 Bxd5 19. cxd5 Qf6 20. b4 Bb6 21. Qd2 Ra8 22.
Kh1 a5 23. a4 axb4 24. Qxb4 Bc5 25. Qb3 b6 26. Bb5 Red8 27. f4 Ng4 28. e4 Ne3 29. Rfe1 Qd4 30. Bf2 Qxe4 31. Bxe3 Bxe3 32. Qxe3 Qb4 33. Rxc7 Qb2 34. h3 h6 35. Bc6 Rac8 36. Rxc8 Rxc8 37. Qe7 Qb4 38. Be8 Qc5 39.
Bxf7+ 1-0

[Event "Early-Titled-Tuesday-Blitz-May-07-2024"]
[Site "Chess.com"]
[Date "2024.05.07"]
[Round "2"]
[White "Ramla2020"]
[Black "abelmat"]
[Result "1-0"]
[WhiteElo "2442"]
[BlackElo "2023"]
[TimeControl "180+1"]
[EndTime "8:19:27 PDT"]
[Termination "Ramla2020 won on time"]

1. c4 Nf6 2. g3 e6 3. Bg2 d5 4. Nf3 Be7 5. O-O O-O 6. b3 b6 7. Bb2 Ba6 8. d3 Nbd7 9. Nc3 c5 10.
cxd5 Nxd5 11. d4 Rc8 12. Nxd5 exd5 13. dxc5 Nxc5 14. Nd4 Ne4 15. Rc1 Bf6 16. Re1 Qe7 17. Nf5 Qe6 18. Bxf6 Rxc1 19. Qxc1 Qxf6 20. Bxe4 dxe4 21.
Ne3 Rc8 22. Qa3 Qc3 23. Kf1 Qa5 24. Qxa5 bxa5 25. Rd1 g6 26. Ke1 Kg7 27. Rd6 Bb5 28. a4 Be8 29. Rd5 Rc1+ 30. Kd2 Rb1 31. Rxa5 Rxb3 32.
Rxa7 Ra3 33. a5 Bb5 34. Nc2 Ra2 35. Kc1 Bxe2 36. Nd4 Bd3 37. Ne6+ Kf6 38. Nf4 Bc4 39. Rc7 1-0

[Event "Early-Titled-Tuesday-Blitz-May-07-2024"]
[Site "Chess.com"]
[Date "2024.05.07"]
[Round "2"]
[White "WhiteKnight2612"]
[Black "Silent-Killer100"]
[Result "1-0"]
[WhiteElo "2826"]
[BlackElo "2568"]
[TimeControl "180+1"]
[EndTime "8:19:28 PDT"]
[Termination "WhiteKnight2612 won by resignation"]

1. d4 Nf6 2. c4 b6 3. Nc3 Bb7 4. d5 e6 5. e4 exd5 6. cxd5 Bb4 7. Bd3 O-O 8. Ne2 c6 9. O-O cxd5 10. e5 Ne4 11. Bc2 Bxc3 12. Nxc3 Nxc3 13. bxc3 d6 14.
Ba3 dxe5 15. Bxf8 Qxf8 16. Qh5 e4 17. Rfe1 Nd7 18. Bb3 Rc8 19. Re3 Rc5 20. Qe2 Qc8 21.
Rd1 Nf6 22. Qd2 Ba6 23. Qd4 Bd3 24. Rg3 Kh8 25. Rc1 h6 26. Rh3 Qf5 27. Re1 Kh7 28. Rg3 Nh5 29. Rge3 Nf4 30. Rg3 Ne6 31. Qb4 h5 32.
Bd1 g6 33. Qa3 Qf6 34. Qxa7 Rc7 35. Qxb6 Qxc3 36. Rf1 Bxf1 37. Rxc3 Rxc3 38. Kxf1 Rc1 39. Ke1 d4 40. Qb7 1-0

[Event "Early-Titled-Tuesday-Blitz-May-07-2024"]
[Site "Chess.com"]
[Date "2024.05.07"]
[Round "2"]
[White "IM_ArthurDW08"]
[Black "RusPakhom"]
[Result "1-0"]
[WhiteElo "2742"]
[BlackElo "2403"]
[TimeControl "180+1"]
[EndTime "8:19:28 PDT"]
[Termination "IM_ArthurDW08 won on time"]

1. e4 c5 2. c3 d5 3. exd5 Qxd5 4. d4 Nf6 5. Nf3 Bg4 6. Be2 e6 7. O-O Nc6 8. Na3 cxd4 9. Nb5 O-O-O 10. Nfxd4 Nxd4 11.
cxd4 a6 12. Qc2+ Kd7 13. Nc3 Qc6 14. Bg5 Bxe2 15. Qxe2 Be7 16. Rac1 h6 17. Bxf6 Bxf6 18. Ne4 Qd5 19. Nc3 Qf5 20. Rfd1 Ke7 21. Ne4 Rd7 22. Rc5 Qf4 23. g3 1-0

[Event "Early-Titled-Tuesday-Blitz-May-07-2024"]
[Site "Chess.com"]
[Date "2024.05.07"]
[Round "2"]
[White "Lucky_Puncher"]
[Black "ferdipy"]
[Result "1-0"]
[WhiteElo "2536"]
[BlackElo "2333"]
[TimeControl "180+1"]
[EndTime "8:19:29 PDT"]
[Termination "Lucky_Puncher won by resignation"]

1. d4 e5 2. dxe5 d6 3. Bf4 Nc6 4. Nf3 Bg4 5. exd6 Qf6 6. Qc1 Bxd6 7. Bxd6 Qxd6 8. e3 O-O-O 9. Nbd2 Nf6 10. Be2 h5 11. h3 Bf5 12. O-O g5 13. Nc4 Qe7 14. Nxg5 Rhg8 15. f4 Nb4 16. Ne5 Nxc2 17. Rb1 Qc5 18.
Nexf7 Rde8 19. Kh1 Rxe3 20. Bf3 Qb6 21. Qd2 Nb4 22. Rbe1 Rd3 23. Qe2 Re8 24. Ne5 Rd4 25. Bxh5 Rh8 26. Bg6 Be6 27. Nxe6 Qxe6 28. Qf3 Qb6 29.
f5 Kb8 30. Nf7 Rg8 31. Re6 Qb5 32. Rxf6 Nd5 33. Re6 Rf4 34. Qxf4 Nxf4 35. Rxf4 Qb3 36. axb3 1-0

[Event "Early-Titled-Tuesday-Blitz-May-07-2024"]
[Site "Chess.com"]
[Date "2024.05.07"]
[Round "2"]
[White "Silvederione"]
[Black "ValiantCeleb"]
[Result "1-0"]
[WhiteElo "2479"]
[BlackElo "2204"]
[TimeControl "180+1"]
[EndTime "8:19:29 PDT"]
[Termination "Silvederione won by resignation"]

1. d4 Nf6 2. Nc3 d5 3. Bf4 a6 4. e3 Bf5 5. f3 e6 6. g4 Bg6 7. h4 h5 8. g5 Nfd7 9. Bd3 Bxd3 10. cxd3 c5 11. dxc5 Bxc5 12. d4 Bb4 13. Ne2 Nc6 14.
Rc1 Nf8 15. Qb3 Ng6 16. Bg3 O-O 17. a3 Bd6 18. Kf2 Bxg3+ 19. Nxg3 Na5 20. Qc2 Nc4 21. Nxh5 e5 22. Nxd5 Rc8 23. e4 exd4 24. Qd3 Nxb2 25. Qxd4 Nd3+ 26. Qxd3 Rxc1 27. Rxc1 Nxh4 28.
Qe3 Qd6 29. Rh1 Ng6 30. Nhf6+ gxf6 31. Nxf6+ 1-0

[Event "Early-Titled-Tuesday-Blitz-May-07-2024"]
[Site "Chess.com"]
[Date "2024.05.07"]
[Round "2"]
[White "Strong_Prodigy"]
[Black "Niilo1"]
[Result "0-1"]
[WhiteElo "2498"]
[BlackElo "2311"]
[TimeControl "180+1"]
[EndTime "8:19:30 PDT"]
[Termination "Niilo1 won on time"]

1. d4 Nf6 2. c4 e6 3. Nf3 d5 4. g3 Bb4+ 5. Bd2 Be7 6. Bg2 O-O 7.
O-O c6 8. Qc2 b6 9. Bf4 Bb7 10.
Rd1 Nbd7 11. Nbd2 Rc8 12. e4 dxe4 13. Nxe4 Nxe4 14. Qxe4 Nf6 15. Qe2 Ba6 16. Ne5 Qe8 17. Qc2 c5 18. d5 exd5 19. cxd5 Bd6 20. Re1 Qb5 21. Bf1 c4 22. Rad1 Bb4 23. Bd2 Nxd5 24. a4 Qa5 25. Bxb4 Nxb4 26. Qc3 Qxa4 27. Bxc4 b5 28. Bb3 Qa5 29. Qd2 Rfd8 30. Qf4 Qc7 0-1

[Event "Early-Titled-Tuesday-Blitz-May-07-2024"]
[Site "Chess.com"]
[Date "2024.05.07"]
[Round "2"]
[White "shanemelaughcm"]
[Black "Masterisback04"]
[Result "1-0"]
[WhiteElo "2441"]
[BlackElo "2013"]
[TimeControl "180+1"]
[EndTime "8:19:30 PDT"]
[Termination "shanemelaughcm won on time"]

1. d4 Nf6 2. c4 g6 3. Nc3 Bg7 4. e4 d6 5. Be2 O-O 6. Be3 a6 7. g4 b5 8. g5 Nfd7 9. cxb5 axb5 10. Bxb5 Bb7 11. Nge2 c6 12. Bd3 c5 13. h4 cxd4 14.
Bxd4 Ne5 15. Ng3 Nf3+ 16. Qxf3 Bxd4 17. O-O f5 18. Bc4+ Kg7 19. Qd3 e5 20. exf5 gxf5 21. Nxf5+ Kh8 22. Nxd4 Rf4 23. Nf5 Qf8 24. Ng3 Rxh4 25.
Bd5 Nc6 26. Qf3 Qg7 27. Bxc6 Rf8 28. Qd5 Bc8 29. Qxd6 Qxg5 30. Qxf8+ 1-0

[Event "Early-Titled-Tuesday-Blitz-May-07-2024"]
[Site "Chess.com"]
[Date "2024.05.07"]
[Round "2"]
[White "mbojan"]
[Black "faraone99"]
[Result "1-0"]
[WhiteElo "2920"]
[BlackElo "2520"]
[TimeControl "180+1"]
[EndTime "8:19:31 PDT"]
[Termination "mbojan won by resignation"]

1. a3 h6 2. h3 a6 3. Nc3 Nf6 4. e4 e5 5. Nf3 Nc6 6. d4 exd4 7. Nxd4 Bc5 8. Nxc6 bxc6 9. Bd3 d5 10.
O-O O-O 11. Qf3 Be6 12. e5 Nd7 13. Qg3 Kh8 14. Ne2 Re8 15. Kh1 Be7 16. f4 Bh4 17. Qh2 Nc5 18. f5 Bc8 19. Nd4 Nxd3 20. cxd3 c5 21.
Nf3 d4 22. f6 Bxf6 23. exf6 Qxf6 24. Bd2 Re2 25. Ng5 Qc6 26. Nxf7+ Kg8 27. Ne5 Qd5 28. Nf3 Bb7 29. Rae1 Rae8 30. Qxc7 Kh7 31. Qg3 R8e6 32. Qh4 Rxe1 33. Rxe1 Rg6 34. Qe4 Qd7 35. Qxg6+ 1-0

[Event "Early-Titled-Tuesday-Blitz-May-07-2024"]
[Site "Chess.com"]
[Date "2024.05.07"]
[Round "2"]
[White "colegiodemadrid"]
[Black "miragha_yev"]
[Result "0-1"]
[WhiteElo "2559"]
[BlackElo "2818"]
[TimeControl "180+1"]
[EndTime "8:19:32 PDT"]
[Termination "miragha_yev won by resignation"]

1. e4 c6 2. d4 d5 3. Nc3 dxe4 4. Nxe4 Nf6 5. Nxf6+ exf6 6. c3 Bd6 7. Bd3 O-O 8. Ne2 Re8 9. Qc2 h5 10. Be3 Nd7 11.
O-O h4 12. h3 Nf8 13. Rae1 Bc7 14. Qd2 Ne6 15. Bb1 Qd6 16. f4 Ng5 17. fxg5 Qh2+ 18. Kf2 Bxh3 19. Rg1 fxg5 20. Bxg5 Bg3+ 21. Kf1 Bxe1 22.
Qxe1 Bg4 23. Bd3 Rxe2 24. Bxe2 Re8 25. Qxh4 Qxh4 26. Bxh4 Rxe2 27. b4 Rxa2 28. Rh1 Bf5 29.
Be1 Be4 30. Rh2 b6 31. Kg1 a5 32. bxa5 bxa5 33. g3 Ra1 34. Re2 f5 35. g4 Bf3 36.
Re5 Bxg4 37. c4 a4 38. Kf2 a3 39. d5 cxd5 40. cxd5 a2 41. Bc3 Rc1 42. Re8+ Kf7 43. Rc8 Rxc3 0-1

[Event "Early-Titled-Tuesday-Blitz-May-07-2024"]
[Site "Chess.com"]
[Date "2024.05.07"]
[Round "2"]
[White "Jojo_898"]
[Black "Chess4always"]
[Result "1-0"]
[WhiteElo "2440"]
[BlackElo "2019"]
[TimeControl "180+1"]
[EndTime "8:19:32 PDT"]
[Termination "Jojo_898 won by resignation"]

1. e4 c6 2. d4 d5 3. Nc3 dxe4 4. Nxe4 Nf6 5. Ng3 Bg4 6. Be2 Bxe2 7. N1xe2 Nbd7 8. Bf4 e6 9. O-O Nd5 10. Bd2 Be7 11. c4 N5f6 12. Bf4 O-O 13. Nc3 h6 14. Qd2 Nh5 15. Bxh6 gxh6 16. Qxh6 Ng7 17. Nce4 f5 18. Nc3 Bg5 19. Qh3 Kf7 20. Nge2 Rh8 21. Qf3 Qf6 22. Rad1 Rag8 23. d5 cxd5 24. cxd5 e5 25. d6 e4 26. Nxe4 fxe4 27. Qxe4 Qe5 28. Qf3+ Bf6 29.
Ng3 b6 30. Rfe1 Qc5 31. Re7+ Kg6 32. Rxd7 Nf5 33. Qg4+ Bg5 34. Ne4 Rh5 35. Nxc5 bxc5 36. Rd5 Rf8 37. f4 1-0

[Event "Early-Titled-Tuesday-Blitz-May-07-2024"]
[Site "Chess.com"]
[Date "2024.05.07"]
[Round "2"]
[White "BirdMaster3000"]
[Black "MITerryble"]
[Result "0-1"]
[WhiteElo "2639"]
[BlackElo "3039"]
[TimeControl "180+1"]
[EndTime "8:19:33 PDT"]
[Termination "MITerryble won by resignation"]

1. f4 d5 2. Nf3 g6 3. e3 Bg7 4. c4 d4 5. Nxd4 Bxd4 6. exd4 Qxd4 7.
Nc3 Qxf4 8. d4 Qh4+ 9. g3 Qg4 10. Be2 Qh3 11. Nd5 Na6 12. Bg5 c6 13. Ne3 f6 14.
Bf1 Qe6 15. Bf4 g5 16. d5 cxd5 17. cxd5 Qe4 18. Qh5+ Kf8 19. Bg2 Qb4+ 20. Ke2 gxf4 21. gxf4 Nc5 22. Rad1 Ne4 23. Bxe4 Qxe4 24. Rhg1 Bd7 25.
Rg3 Rc8 26. Rd2 Rc1 27. d6 e6 28. f5 exf5 29. Rf3 Rc5 30. b4 Re5 31. Qh3 h5 32. Kf2 Nh6 33. Ng2 Ng4+ 0-1

[Event "Early-Titled-Tuesday-Blitz-May-07-2024"]
[Site "Chess.com"]
[Date "2024.05.07"]
[Round "2"]
[White "Ruslan_Kurayan"]
[Black "igorkovalenko"]
[Result "1-0"]
[WhiteElo "2637"]
[BlackElo "2940"]
[TimeControl "180+1"]
[EndTime "8:19:34 PDT"]
[Termination "Ruslan_Kurayan won on time"]

1. e4 d5 2. exd5 Qxd5 3. Nc3 Qa5 4. d4 Nf6 5. Bc4 Nc6 6. Bd2 Qb4 7. b3 Qd6 8. Nb5 Qd7 9. Bf4 e5 10. dxe5 Qe7 11.
Kf1 Nxe5 12. Qd4 a6 13. Nxc7+ Qxc7 14. Bxe5 Qc6 15. Re1 Be7 16. Bd6 Be6 17. Bxe6 fxe6 18. Rxe6 O-O-O 19. Rxe7 Rxd6 20. Qa7 Nd7 21. c4 1-0

[Event "Early-Titled-Tuesday-Blitz-May-07-2024"]
[Site "Chess.com"]
[Date "2024.05.07"]
[Round "2"]
[White "PoXerStar"]
[Black "CristianS27"]
[Result "0-1"]
[WhiteElo "2355"]
[BlackElo "2567"]
[TimeControl "180+1"]
[EndTime "8:19:34 PDT"]
[Termination "CristianS27 won on time"]

1. e4 e5 2. Nf3 Nc6 3. Bc4 Nf6 4. d3 Bc5 5. Bg5 h6 6. Bh4 d6 7. c3 a6 8. a4 Ba7 9. Nbd2 Be6 10. Bxe6 fxe6 11. Qb3 Qd7 12. O-O O-O 13. Bg3 Nh5 14. Qc2 Nf4 15. Rfe1 Qf7 16. Bxf4 Qxf4 17. Qb3 Nd8 18.
d4 exd4 19. cxd4 Bxd4 20. Qc4 Bxf2+ 21. Kxf2 Qxd2+ 22. Re2 Qa5 23. Rc1 Qb6+ 24. Kf1 Nc6 25. Qxe6+ Kh8 26. Rc3 Nd4 27. Qd5 Nxe2 28. Kxe2 Rae8 29.
Rb3 Qc5 30. Qxc5 dxc5 31. e5 b6 0-1